 Dungeon Crawl Stone Soup version 0.20.1-1-g8b1a95d (webtiles) character file.

25 Monsterracer the Insei (level 2, -3/21 HPs)
             Began as a Vampire Transmuter on Aug 17, 2017.
             Slain by a worm (11 damage)
             ... on level 1 of the Dungeon.
             The game lasted 00:01:52 (948 turns).

Monsterracer the Insei (Vampire Transmuter)          Turns: 948, Time: 00:01:53

Health: -3/21      AC:  2    Str:  9    XL:     2   Next: 86%
Magic:  5/5        EV: 13    Int: 15    God:
Gold:   34         SH:  0    Dex: 14    Spells: 4/5 levels left

rFire    . . .     SeeInvis +     - Unarmed
rCold    . . .     Gourm    .   (no shield)
rNeg     + . .     Faith    .   b - +0 robe
rPois    .         Spirit   .   (no helmet)
rElec    .         Reflect  .   (no cloak)
rCorr    .         Harm     .   (no gloves)
MR       .....                  (no boots)
Stlth    +.........             e - amulet of magic regeneration
Regen    0.1/turn               (no ring)
MPRegen  0.2/turn               (no ring)

@: no status effects
A: fangs 3, see invisible, unbreathing
a: no special abilities


You were on level 1 of the Dungeon.
You were not thirsty.

You visited 1 branch of the dungeon, and saw 2 of its levels.

You collected 34 gold pieces.

Inventory:

Missiles
 a - 10 stones (quivered)
Armour
 b - a +0 robe (worn)
Jewellery
 e - an amulet of magic regeneration (around neck)
Scrolls
 d - a scroll of teleportation {unknown}
 f - a scroll of identify {unknown}
Potions
 c - 2 potions of blood


   Skills:
 + Level 1.1 Fighting
 + Level 2.9 Dodging
 * Level 4.0 Unarmed Combat
 - Level 2.0 Spellcasting
 - Level 2.1 Transmutations


You had 4 spell levels left.
You knew the following spells:

 Your Spells              Type           Power        Failure   Level  Hunger
a - Beastly Appendage     Tmut           #.....       9%          1    #......


Dungeon Overview and Level Annotations

Branches:
Dungeon (2/15)

Altars:


Innate Abilities, Weirdness & Mutations

You have razor-sharp teeth.
You have supernaturally acute eyesight. (SInv)
You can survive without breathing.


Message History

You escape the ball python's grasp.
There is a stone staircase leading up here.
You climb upwards.
There is a stone staircase leading down here.
You hit the worm but do no damage. The worm misses you.
You punch the worm!
The worm is heavily wounded.
You hit the worm.
The worm is heavily wounded.
The worm bites you!
Ouch! That really hurt!
* * * LOW HITPOINT WARNING * * *
Huge Dmg: -57%(-12hp) hp: 39%(8hp)
You hit the worm.
The worm is heavily wounded.
You hit the worm.
The worm is severely wounded.
The worm bites you!
Ouch! That really hurt!
You die...

.................##.# #.# #.#
.....(.....####)#.#.# #.# #.#
#.##.####..###.###..####.#####.#
#.##.####..##.## ##..........#.#
.....).........###..########.#.#
####.####.#####.#.####.......#.#
# #.# #.# #..####...######.#
####.####.# #............# #.#
..##.##...#####w@####...##.#
#.## #.##.............# ##.###.#
#... #.#####.########.# #.# #.#
#### #.# #%# #.#####.# #.# #.#
#.# #.##....# #.# #.# #.#
#.##.#### #.# ..# #.# #.##.##
#.# ### #รท# #.##..# #.# #.#
#.###%# #.#


You could see a worm.

Vanquished Creatures
  An ooze (D:1)
  A dart slug (D:1)
  A giant cockroach (D:1)
  4 goblins (D:1)
  A hobgoblin (D:1)
  5 kobolds (D:1)
  A ball python (D:1)
  3 bats (D:1)
  2 rats (D:1)
19 creatures vanquished.

Notes
Turn   | Place    | Note
-------+----------+-------------------------------------------
     0 | D:1      | Monsterracer the Vampire Transmuter began the quest for the Orb.
     0 | D:1      | Reached XP level 1. HP: 14/14 MP: 3/3
     8 | D:1      | Reached skill level 1 in Fighting
    77 | D:1      | HP: 7/15 [kobold/dagger (1)]
   178 | D:1      | HP: 4/15 [goblin/club (5)]
   284 | D:1      | HP: 6/15 [goblin/club (5)]
   285 | D:1      | HP: 2/15 [goblin/club (4)]
   311 | D:1      | HP: 7/15 [goblin/club (1)]
   316 | D:1      | HP: 7/15 [goblin/club (1)]
   317 | D:1      | Reached XP level 2. HP: 11/21 MP: 5/5
   325 | D:1      | HP: 9/21 [ooze (3)]
   467 | D:1      | HP: 9/21 [dart slug/slug dart (3)]
   576 | D:1      | Reached skill level 4 in Unarmed Combat
   946 | D:1      | HP: 8/21 [worm (12)]
   948 | D:1      | Slain by a worm

Skill      XL: |  1  2 |
---------------+-------+-----
Fighting       | 1 |  1.1
Unarmed Combat | 4 |  4.0
Dodging        | |  2.9
Spellcasting   | |  2.0
Transmutations | |  2.1

Action                   || total
-------------------------++-------
Melee: Unarmed           ||    73
       Bite              ||     7
       Punch             ||     2
  Use: Potion            ||     4
 Stab: Sleeping          ||     1
Armor: Robe              ||    14
Dodge: Dodged            ||    25
